 Dungeon Crawl Stone Soup version 0.17-a0-1642-gd4b747b (webtiles) character file.

25 KINGKRU the Grave Robber (level 3, -6/16 HPs)
             Began as a Vine Stalker Necromancer on Aug 11, 2015.
             Mangled by Terence
             ... wielding a +0 flail
              (9 damage)
             ... on level 2 of the Dungeon.
             The game lasted 00:08:28 (858 turns).

KINGKRU the Grave Robber (Vine Stalker Necromancer)  Turns: 858, Time: 00:08:28

Health: -6/16      AC:  2    Str: 10    XL:     3   Next: 6%
Magic:  0/7        EV: 12    Int: 16    God:
Gold:   52         SH:  0    Dex: 14    Spells: 2 memorised, 4 levels left

rFire  . . .     SeeInvis .     e - +0 spear (freeze)
rCold  . . .     Clarity  .     a - +0 robe
rNeg   . . .     SustAt   .     (no shield)
rPois  .         Gourm    .     (no helmet)
rElec  .         Spirit   +     (no cloak)
rCorr  .         Warding  .     (no gloves)
rMut   .         Stasis   .     (no boots)
MR     .....                    (no amulet)
Stlth  ++........               (no ring)
                                (no ring)

@: not resistant to hostile enchantments, unstealthy
A: fangs 2, regeneration 1, magic shield, antimagic bite, no device heal 3, rot
immunity
a: no special abilities


You were on level 2 of the Dungeon.
You were not hungry.

You visited 1 branch of the dungeon, and saw 2 of its levels.

You collected 52 gold pieces.

Inventory:

Hand weapons
 e - a +0 spear of freezing (weapon)
Armour
 a - a +0 robe (worn)
Scrolls
 f - a scroll of random uselessness {unknown}
Books
 b - a book of Necromancy

   Spells                             Type                      Level
   a - Pain                           Necromancy                   1
   b - Animate Skeleton               Necromancy                   1
   c - Vampiric Draining              Necromancy                   3
   d - Regeneration                   Charms/Necromancy            3
   e - Animate Dead                   Necromancy                   4
   f - Control Undead                 Necromancy                   4
Comestibles
 c - a bread ration
 d - 3 chunks of flesh


   Skills:
 + Level 1.6 Dodging
 + Level 2.5 Stealth
 + Level 2.4 Spellcasting
 + Level 4.7 Necromancy


You had 4 spell levels left.
You knew the following spells:

 Your Spells              Type           Power        Failure   Level  Hunger
a - Pain                  Necr           ###.         3%          1    #......
b - Animate Skeleton      Necr           N/A          3%          1    #......


Dungeon Overview and Level Annotations

Branches:
Dungeon (2/15)

Altars:

Annotations:
D:2 Natasha, Terence


Innate Abilities, Weirdness & Mutations

You have extremely sharp teeth.
Your natural rate of healing is unusually fast.
When hurt, damage is shared between your health and your magic reserves.
Your bite disrupts and absorbs the magic of your enemies.
Potions and wands cannot restore your health.
You are immune to rotting.


Message History

Casting: Pain
Confirm with . or Enter, or press ? or * to list all spells.
Aiming: Pain
Press: ? - help, Shift-Dir - straight line, f/p - Natasha
Aim: Natasha (heavily wounded, chance to defeat MR: 76%) Natasha convulses in agony!
The giant cockroach barely misses you. Natasha claws you.
* * * LOW HITPOINT WARNING * * *
Terence closely misses you.
The giant cockroach bites you but does no damage.
Casting: Pain
Confirm with . or Enter, or press ? or * to list all spells.
Aiming: Pain
Press: ? - help, Shift-Dir - straight line, f/p - Natasha
Aim: Natasha (severely wounded, chance to defeat MR: 76%) Natasha convulses in agony!
Natasha misses you.
The giant cockroach bites you but does no damage.
Terence hits you with a flail!
Ouch! That really hurt!
You die...

#.... .....
#.... ....
...#####
#.....#
#.##@hs.#
#...)@..#
...............
).?.##...(.....
#.# #...####..
. ##### =


You could see Terence, Natasha and a giant cockroach.

Vanquished Creatures
  A bat (D:1)
  7 hobgoblins
  5 kobolds (D:1)
  A giant cockroach (D:1)
  A giant gecko (D:1)
  A giant newt (D:1)
  2 goblins (D:1)
  6 rats (D:1)
24 creatures vanquished.

Notes
Turn   | Place    | Note
--------------------------------------------------------------
     0 | D:1      | KINGKRU the Vine Stalker Necromancer began the quest for the Orb.
     0 | D:1      | Reached XP level 1. HP: 9/9 MP: 4/4
     0 | D:1      | Noticed an orb of fire
     1 | D:1      | Noticed an iron dragon
     6 | D:1      | Noticed a red draconian
     9 | D:1      | Noticed an orb of fire
    10 | D:1      | Noticed an ice dragon
    14 | D:1      | Noticed a green draconian
    15 | D:1      | Noticed an ice dragon
    17 | D:1      | Noticed an ice dragon
    19 | D:1      | Noticed an ice dragon
    19 | D:1      | Noticed an ice dragon
    19 | D:1      | Noticed an ice dragon
    21 | D:1      | Noticed a large abomination
    21 | D:1      | Noticed a large abomination
   192 | D:1      | Reached XP level 2. HP: 13/13 MP: 4/6
   336 | D:1      | Learned a level 1 spell: Animate Skeleton
   794 | D:2      | Noticed Natasha
   796 | D:2      | Noticed Terence
   803 | D:1      | Reached XP level 3. HP: 11/16 MP: 3/7
   858 | D:2      | Mangled by Terence

Vault maps used:
D:1:      shiori_arrival_whats_in_store_for_you
D:2:      uniq_terence, uniq_natasha

Action                   || total
-------------------------++-------
Melee: Unarmed           ||     4
       Spear             ||     5
 Cast: Pain              ||    35
       Animate Skeleton  ||     3
  Use: Scroll            ||     3
       Potion            ||     1
